 Dungeon Crawl Stone Soup version 0.31-a0-426-g3a05650e59 (webtiles) character file.

Game seed: 12626803375867098148

1748836 Flugkiller the Eviscerator (level 24, 130/169 HPs)
             Began as a Felid Shapeshifter on July 30, 2023.
             Was the Champion of Ashenzari.
             Escaped with the Orb
             ... and 3 runes!
             The game lasted 01:44:14 (58866 turns).

Flugkiller the Eviscerator (Felid Shapeshifter)    Turns: 58866, Time: 01:44:14

Health: 130/169    AC: 38    Str: 13    XL:     24   Next: 49%
Magic:  36/38      EV: 43    Int:  9    God:    Ashenzari [******]
Gold:   5572       SH:  0    Dex: 24    Spells: 38/43 levels left
                                        Lives:  2   Deaths: 0

rFire   + .          .
                       - Unarmed
rCold   + . .        (shield unavailable)
rNeg    + + .        (body armour unavailable)
rPois   ∞            (helmet unavailable)
rElec   +            (cloak unavailable)
rCorr   .            (gloves unavailable)
SInv    +            (boots unavailable)
Will    ++++.        G - amulet of the Chained Inaction {Spirit, Cun, Self} (curse)
Stlth   +++          I - ring "Shattered Together" {rElec rF+ rN+ Will+, Melee, Dev} (curse)
HPRegen 1.28/turn    j - ring of Ashenzari's Activism {rC+, Cun, Dev} (curse)
MPRegen 0.26/turn

%: clarity, guardian spirit
@: statue-form, studying Translocations, very slow
A: slow and powerful, torment resistance 1, boosted hp, very small, claws 1,
fangs 3, see invisible, (speed 1), (shaggy fur 3), stealthy paws, no weapons or
thrown items, no armour, multi-lived, clarity, dopey 1, regeneration 1, wild
magic 1, evolution 1
0: Orb of Zot
}: 3/15 runes: serpentine, barnacled, abyssal
a: Begin Untransformation, Renounce Religion, Shatter the Chains


You escaped.
You worshipped Ashenzari.
Ashenzari was exalted by your worship.
You were a living statue of rough stone.
You visited 10 branches of the dungeon, and saw 47 of its levels.
You visited the Abyss 6 times.
You also visited: Ice Cave.

You collected 7910 gold pieces.
You spent 2338 gold pieces at shops.

Inventory:

Jewellery
 c - a ring of protection from cold
   (You found it on level 1 of the Elven Halls)
 j - the cursed ring of Ashenzari's Activism (right paw) {rC+, Cun, Dev}
   (You found it on level 3 of the Dungeon)

   [ring of protection from cold]

   rC:        It protects you from cold.
   It has a curse which improves the following skills: Cunning: Dodging and
   Stealth.
   Devices:   Evocations and Shapeshifting.
 m - a ring of willpower
   (You took it off a black draconian on level 3 of the Realm of Zot)
 p - a ring of protection from cold
   (You found it on level 2 of the Realm of Zot)
 r - the ring "Emiaf" {rF+ rCorr Int+4}
   (You found it on level 2 of the Depths)

   [ring of resist corrosion]

   Int:       It affects your intelligence (+4).
   rF:        It protects you from fire.
   rCorr:     It protects you from acid and corrosion.
 A - a ring of flight
   (You bought it in a shop on level 6 of the Dungeon)
 G - the cursed amulet of the Chained Inaction (around neck) {Spirit, Cun, Self}
   (You found it on level 8 of the Dungeon)

   [amulet of guardian spirit]

   It causes incoming damage to be divided between your reserves of health and
   magic.
   It has a curse which improves the following skills: Cunning: Dodging and
   Stealth.
   Introspection: Fighting and Spellcasting.
 I - the cursed ring "Shattered Together" (left paw) {rElec rF+ rN+ Will+, Melee, Dev}
   (You found it on level 3 of the Vaults)

   [ring of willpower]

   rF:        It protects you from fire.
   rElec:     It insulates you from electricity.
   rN:        It protects you from negative energy.
   Will:      It increases your willpower.
   It has a curse which improves the following skills: Melee Combat: Unarmed
   Combat.
   Devices:   Evocations and Shapeshifting.
 K - the ring of Soah Asi {AC+4 Slay+2 SInv}
   (You took it off a tengu warrior on level 2 of the Depths)

   [ring of protection]

   AC:        It affects your AC (+4).
   Slay:      It affects your accuracy & damage with ranged weapons and melee
   (+2).
   SInv:      It lets you see invisible.
Talismans
 o - a talisman of death
   (You found it on level 1 of the Dungeon)
 L - a granite talisman (active)
   (You took it off Roxanne on level 1 of the Shoals)
Wands
 i - a wand of mindburst (16)
   (You found it on level 11 of the Dungeon)
 s - a wand of polymorph (17)
   (You found it on level 4 of the Dungeon)
 x - a wand of digging (23)
   (You found it on level 5 of the Dungeon)
 B - a wand of paralysis (33)
   (You found it on level 7 of the Dungeon)
 C - a wand of quicksilver (4)
   (You found it on level 7 of the Dungeon)
 D - a wand of flame (141)
   (You bought it in a shop on level 6 of the Dungeon)
 E - a wand of iceblast (70)
   (You found it on level 8 of the Dungeon)
Scrolls
 b - 12 scrolls of poison
 e - 4 scrolls of revelation
 k - 6 scrolls of immolation
 l - 3 scrolls of vulnerability
 t - 24 scrolls of teleportation
 v - 5 scrolls of fear
 y - a scroll of silence
 z - 4 scrolls of blinking
 O - 4 scrolls of fog
Potions
 a - 2 potions of ambrosia
 d - 5 potions of might
 f - 14 potions of enlightenment
 g - 7 potions of mutation
 h - 4 potions of haste
 n - 2 potions of resistance
 q - 10 potions of curing
 w - 4 potions of heal wounds
 F - 12 potions of brilliance
 H - 6 potions of attraction
 J - 3 potions of invisibility
 P - 4 potions of lignification
 Q - 2 potions of magic
 S - 4 potions of cancellation
Miscellaneous
 u - a phial of floods
   (You found it in an ice cave)
 N - a phantom mirror
   (You found it on level 3 of the Shoals)


   Skills:
 + Level 22.1(24.2) Fighting
 - Level 19.7(23.0) Dodging
 - Level 16.5(20.0) Stealth
 + Level 22.1(24.2) Unarmed Combat
 - Level 7.4(10.0) Spellcasting
 - Level 12.0 Translocations
 - Level 7.4 Transmutations
 - Level 18.0(21.3) Evocations
 - Level 21.4(24.6) Shapeshifting


You had 38 spell levels left.
You knew the following spells:

 Your Spells              Type           Power      Damage    Failure   Level
a - Wereblood             Tmut           23%        N/A       2%          2
b - Lesser Beckoning      Tloc           66%        N/A       1%          2
q - Apportation           Tloc           66%        N/A       1%          1

Your spell library contained the following spells:

 Spells                   Type           Power      Damage    Failure   Level
 Blink                    Tloc           66%        N/A       1%          2
 Gell's Gravitas          Tloc           33%        N/A       1%          3
 Teleport Other           Tloc           33%        N/A       1%          3
 Manifold Assault         Tloc           33%        N/A       2%          4
 Passage of Golubria      Tloc           33%        N/A       2%          4
 Momentum Strike          Conj/Tloc      38%        3d9       3%          2
 Sting                    Tmut/Pois      56%        1d5       5%          1
 Vhi's Electric Charge    Tloc/Air       38%        N/A       6%          3
 Iskenderun's Mystic Bla  Conj/Tloc      19%        2d6       17%         4
 Foxfire                  Conj/Fire      20%        2x1d5     21%         1
 Kiss of Death            Conj/Necr      20%        2d7       21%         1
 Magic Dart               Conj           20%        1d4       21%         1
 Shock                    Conj/Air       20%        1d4       21%         1
 Dispersal                Tloc           16%        N/A       22%         6
 Call Imp                 Summ           10%        N/A       30%         2
 Ensorcelled Hibernation  Hex/Ice        10%        N/A       30%         2
 Poisonous Vapours        Pois/Air       10%        N/A       30%         2
 Scorch                   Fire           10%        2d5       30%         2
 Searing Ray              Conj           10%        2d4       30%         2
 Petrify                  Tmut/Erth      14%        N/A       41%         4
 Summon Forest            Summ/Tloc      9%         N/A       43%         5
 Confusing Touch          Hex            5%         N/A       50%         3
 Dazzling Flash           Conj/Hex       10%        N/A       50%         3
 Frozen Ramparts          Ice            10%        1d2       50%         3
 Inner Flame              Hex/Fire       5%         N/A       50%         3
 Mephitic Cloud           Conj/Pois/Air  5%         N/A       50%         3
 Ozocubu's Armour         Ice            5%         N/A       50%         3
 Stone Arrow              Conj/Erth      10%        3d7       50%         3
 Swiftness                Air            5%         N/A       50%         3
 Tukima's Dance           Hex            5%         N/A       50%         3
 Alistair's Intoxication  Tmut/Pois      9%         N/A       73%         5
 Irradiate                Conj/Tmut      7%         3d14      73%         5
 Yara's Violent Unravell  Hex/Tmut       7%         3d5       73%         5
 Airstrike                Air            2%         2d(1-17)  87%         4
 Anguish                  Hex/Necr       2%         N/A       87%         4
 Animate Dead             Necr           5%         N/A       87%         4
 Cause Fear               Hex            2%         N/A       87%         4
 Dispel Undead            Necr           5%         3d7       87%         4
 Flame Wave               Conj/Fire      5%         2d5       87%         4
 Fulminant Prism          Conj/Hex       2%         3d5       87%         4
 Olgreb's Toxic Radiance  Pois           5%         N/A       87%         4
 Sticky Flame             Conj/Fire      5%         2d3       87%         4
 Agony                    Necr           5%         N/A       99%         5
 Arcjolt                  Conj/Air       2%         1d12      99%         5
 Borgnjor's Vile Clutch   Necr/Erth      2%         N/A       99%         5
 Fireball                 Conj/Fire      2%         3d4       99%         5
 Freezing Cloud           Conj/Ice/Air   2%         6-21      99%         5
 Iskenderun's Battlesphe  Conj           5%         2d6       99%         5
 Metabolic Englaciation   Hex/Ice        2%         N/A       99%         5
 Silence                  Hex/Air        2%         N/A       99%         5
 Summon Mana Viper        Hex/Summ       5%         N/A       99%         5
 Eringya's Noxious Bog    Tmut/Pois      7%         4d6       99%         6
 Conjure Ball Lightning   Conj/Air       2%         3x3d6     100%        6
 Death Channel            Necr           2%         N/A       100%        6
 Plasma Beam              Fire/Air       2%         2x1d12    100%        6
 Simulacrum               Ice/Necr       2%         N/A       100%        6
 Starburst                Conj/Fire      2%         6d3       100%        6
 Summon Cactus Giant      Summ           2%         N/A       100%        6
 Enfeeble                 Hex            2%         N/A       100%        7
 Haunt                    Necr/Summ      2%         N/A       100%        7
 Malign Gateway           Summ/Tloc      9%         N/A       100%        7
 Orb of Destruction       Conj           2%         9d5       100%        7
 Spellforged Servitor     Conj/Summ      2%         N/A       100%        7
 Summon Hydra             Summ           2%         N/A       100%        7
 Discord                  Hex            2%         N/A       100%        8
 Disjunction              Tloc           16%        N/A       100%        8
 Ignition                 Fire           2%         3d3       100%        8
 Infestation              Necr           2%         N/A       100%        8
 Lehudib's Crystal Spear  Conj/Erth      2%         10d2      100%        8
 Maxwell's Capacitive Co  Air            2%         ∞         100%        8
 Summon Horrible Things   Summ           2%         N/A       100%        8
 Dragon's Call            Summ           2%         N/A       100%        9
 Portal Projectile        Hex/Tloc       Unusable   N/A       N/A         3
 Sublimation of Blood     Necr           Unusable   N/A       N/A         2
 Animate Armour           Summ/Erth      Unusable   N/A       N/A         4

Dungeon Overview and Level Annotations

Branches:
Dungeon (15/15)            Temple (1/1) D:7            Lair (5/5) D:8
 Shoals (4/4) Lair:3        Snake (4/4) Lair:3        Slime (0/5) Lair:5
    Orc (2/2) D:10            Elf (3/3) Orc:2        Vaults (4/5) D:14
  Crypt (0/3) Vaults:3     Depths (4/4) D:15            Zot (5/5) Depths:4
  IceCv (visited)

Altars:
Ashenzari
Cheibriados
Dithmenos
Elyvilon
Fedhas
Gozag
Hepliaklqana
Kikubaaqudgha
Makhleb
Nemelex Xobeh
Okawaru
Qazlal
Ru
Sif Muna
Trog
Uskayaw
Vehumet
Wu Jian
Xom
Yredelemnul
Zin
The Shining One

Shops:
D:1 [[[   D:6 *   D:10 [   D:11 !   Orc:1 :   Orc:2 [*:=(   Elf:3 ?   Snake:3 (
Snake:4 *   Vaults:2 ?!=

Portals:
Hell: Depths:1 Depths:2 Depths:3 Depths:4
Abyss: Depths:3
Pandemonium: Depths:2 Depths:4
Ziggurat: Depths:4

Annotations:
D:2 exclusion: downstairs
D:3 vcxz's ghost, weakling NaWn
D:4 Edmund
D:6 Maggie
D:7 3 runed translucent doors, TobyConnect's ghost, novice DsSh
D:9 exclusion: downstairs
D:13 exclusions: hell hound and 1 more exclusion
D:15 1 runed translucent door, qborf's ghost, journeyman SpHs
Lair:5 1 runed translucent door
Shoals:1 3 runed translucent doors, Zeis's ghost, adept HOFi
Elf:2 3 runed translucent doors
Depths:4 36 runed doors, exclusions: floating eye, great orb of eyes, shining eye and 1 more exclusion
Zot:1 1 exclusion
Zot:5 1 exclusion


Innate Abilities, Weirdness & Mutations

You are a living statue of rough stone.
Your actions are slow, but your melee attacks are powerful.
You are resistant to unholy torment.
Your maximum health is greatly increased.
You are immune to poison.
You have sharp claws.
You have razor-sharp teeth.
You have supernaturally acute eyesight. (SInv)
((You cover ground quickly. (Speed+)))
((Your thick and shaggy fur keeps you warm. (AC +3, rC+)))
Your paws help you pounce on unaware monsters.
You are incapable of wielding weapons or throwing items.
You cannot wear armour.
You gain extra lives every three experience levels.
You possess an exceptional clarity of mind.
You are dopey. (Int -2)
Your natural rate of healing is unusually fast.
Your spells are a little harder to cast, but a little more powerful.
You have hidden genetic potential.


Message History

Here: Dukloura The floor.
Unknown command.
Press: ? - help, v - describe, . - travel
Here: Dukloura The floor.
Blink to where?
Press: ? - help, Dir - move target
As you read the scroll of blinking, it crumbles to dust.
Dukloura moves out of view.
The smoke demon moves out of view.
There is a stone staircase leading up here.
You climb upwards.
Level annotation: exclusion: downstairs
There is a stone staircase leading down here.
(D) Dungeon (T) Temple (L) Lair (A) Shoals (P) Snake Pit (M) Slime Pits (O) Orcish Mines (E) Elven Halls (V) Vaults (C) Crypt (U) Depths (H) Hell (Z) Zot
Where to? (Enter - D:1 @ (x,y), ? - help)
An Orb Guardian comes into view.
Aiming: Paralyse
Press: ? - help, Shift-Dir - straight line, f - Orb Guardian
Aim: an Orb Guardian (chance to affect: 10%)
Okay, then.
Really read the scroll of vulnerability?
As you read the scroll of vulnerability, it crumbles to dust.
Magic quickly surges around you.
Aiming: Paralyse
Press: ? - help, Shift-Dir - straight line, f - Orb Guardian
Aim: an Orb Guardian (weak-willed, chance to affect: 53%)
The Orb Guardian suddenly stops moving!
A hellwing comes into view.
The helpless Orb Guardian fails to defend itself.
You eviscerate the Orb Guardian!!!!!!
You kill the Orb Guardian!
The hellwing swoops through the air toward you!
The hellwing completely misses you. x2
The hellwing completely misses you. x2
The hellwing hits you. The hellwing completely misses you.
There is a stone staircase leading up, spattered with blood here.
You scratch the hellwing but do no damage.
You bite the hellwing.
The hellwing is lightly wounded.
You completely miss the hellwing.
The hellwing is lightly wounded.
The hellwing closely misses you. The hellwing completely misses you.
You eviscerate the hellwing!!!
You kill the hellwing!
No target in view!
You climb upwards.
There is a stone staircase leading down here.
(D) Dungeon (T) Temple (L) Lair (A) Shoals (P) Snake Pit (M) Slime Pits (O) Orcish Mines (E) Elven Halls (V) Vaults (C) Crypt (U) Depths (H) Hell (Z) Zot
Where to? (Enter - D:1 @ (x,y), ? - help)
There is an open door, spattered with blood here.
You see here a +0 club.
A reaper comes into view.
It is wielding a +2 scythe of protection.
A hell beast comes into view.
The hell beast attacks as you move away!
The hell beast completely misses you. x2
The hell beast attacks as you move away!
The hell beast completely misses you. x2
The hell beast attacks as you move away!
The hell beast completely misses you. x2
Why would you want to do that?
The hell beast attacks as you move away!
The hell beast completely misses you. The hell beast misses you.
The hell beast completely misses you. The hell beast tramples you!
You stumble backwards!
Why would you want to do that? Why would you want to do that?
The hell beast completely misses you. x2
There is a staircase leading out of the dungeon here.
You claw the hell beast! Your claw misses the hell beast.
The hell beast is lightly wounded.
The hell beast bites you! The hell beast completely misses you.
You miss the hell beast. Your bite misses the hell beast.
The hell beast is lightly wounded.
The hell beast misses you. The hell beast completely misses you.
You scratch the hell beast but do no damage.
The hell beast is lightly wounded.
The hell beast closely misses you.
The hell beast tramples you but does no damage.
You mangle the hell beast!!
The hell beast is heavily wounded.
You mangle the hell beast!! You claw the hell beast!
The hell beast is almost dead.
The hell beast closely misses you. The hell beast completely misses you.
You mangle the hell beast!!
You kill the hell beast!
You begin transforming.
You continue transforming.
You feel your willpower return.
You continue transforming. x2
You turn into a living statue of rough stone.
You start resting.
A Tzitzimitl comes into view.
Enter note: gg You have escaped!

#....≈≈≈≈≈≈≈..#....# #.
#.##.≈.....≈..#....# #.
#########..........≈..+....# #.
........#..≈≈≈≈≈.1.≈..#....# #.
....###....≈..>≈...≈.##....# #.
#...# ####.≈.≈.....≈.(..##)# #.
.#..# #.≈.≈≈≈≈≈.≈....##.# ###.
###.## #.≈.....≈.≈....##.# #2..
.#...# ##.≈...≈8..≈.......# #...
#....# #..≈...≈≈≈≈≈.....### #...
.....####..≈.............# #...
...........≈.....≈..###.## #...
#########..≈≈≈≈≈≈≈......######.{.
#........................
#.#########..############ #...#
#....# #.... ###.#####....# #####


You could see a Tzitzimitl.

Vanquished Creatures
  A dread lich (Zot:5)
  5 orbs of fire
  Mara (Vaults:3)
  4 ancient liches
  A juggernaut (Depths:1)
  Parghit (Zot:1)
  2 curse toes
  Saint Roka (Depths:1)
  Vashnia (Snake:4)
  A Killer Klown (Zot:3)
  5 caustic shrikes (Depths:4)
  3 golden dragons
  Nikola (Snake:4)
  4 bone dragons
  Norris (Vaults:2)
  5 electric golems
  11 tentacled monstrosities
  Mlioglotl (Shoals:1)
  Rupert (Lair:5)
  4 liches
  22 Orb Guardians
  Zenata (Vaults:2)
  4 deep elf master archers (Elf:3)
  2 deep elf blademasters (Elf:3)
  A walking frostbound tome (Depths:3)
  3 quicksilver dragons
  8 shadow dragons
  9 death cobs
  Agnes (Elf:1)
  A tentacled starspawn (Abyss:3)
  4 sphinxes
  2 tengu reavers (Depths:2)
  Roxanne (Shoals:1)
  10 storm dragons
  9 draconian monks
  8 draconian knights
  5 fire giants
  4 nagarajas
  Aizul (Snake:4)
  Ilsuiw (Shoals:4)
  7 frost giants
  A draconian shifter (Zot:3)
  5 vault wardens
  5 draconian scorchers
  4 ghost moths
  6 deep elf sorcerers
  An iron dragon (Depths:3)
  4 draconian stormcallers
  2 cacodemons
  An orc warlord (Vaults:3)
  10 ironbound preservers
  4 formless jellyfish
  A deep elf elementalist (Elf:3)
  A quicksilver ooze (Shoals:3)
  7 draconian annihilators
  7 spriggan defenders
  11 very ugly things
  9 stone giants
  2 reapers
  2 war gargoyles (Zot:3)
  6 ironbound thunderhulks
  4 vampire knights
  A bunyip (shapeshifter) (Vaults:3)
  11 green draconians
  6 deep elf annihilators (Elf:3)
  9 white draconians
  7 purple draconians
  21 black draconians
  3 starcursed masses
  6 spark wasps
  8 red draconians
  8 yellow draconians
  2 deep elf demonologists (Elf:3)
  7 dire elephants (Vaults:1)
  A blizzard demon (Depths:1)
  7 ettins
  4 deep elf death magi (Elf:3)
  6 merfolk javelineers (Shoals:4)
  2 crystal guardians (Vaults:4)
  3 jiangshi (Depths:1)
  7 merfolk impalers
  The ghost of Helis the Frost Mage, a journeyman MfIE of Vehumet (D:13)
  5 great orbs of eyes
  Josephine (D:10)
  4 fire dragons
  An entropy weaver (Vaults:1)
  3 deep elf high priests
  26 slime creatures
  14 yaktaur captains
  Fannar (D:10)
  2 hydras
  3 hell beasts
  12 ice dragons
  3 peacekeepers
  A hydra (shapeshifter) (Vaults:3)
  3 rakshasas
  Erolcha (D:9)
  2 alligator snapping turtles (Shoals:4)
  2 merfolk avatars
  7 merfolk aquamancers
  3 salamander tyrants
  An ogre mage (D:15)
  4 spriggan air magi
  8 ironbound frosthearts
  15 centaur warriors
  8 two-headed ogres
  4 satyrs
  4 anacondas
  A two-headed ogre (shapeshifter) (Vaults:3)
  2 tengu warriors (Depths:2)
  5 boulder beetles
  3 deep troll shamans
  7 hell hogs
  19 naga warriors
  3 death yaks (Lair:2)
  A titan zombie (Depths:1)
  6 dancing weapons
  2 spriggan berserkers
  2 thrashing horrors (Abyss:3)
  4 deep troll earth magi
  11 naga sharpshooters
  4 vampire magi
  Nergalle (Orc:1)
  12 shock serpents
  A hell knight (Depths:4)
  2 spriggans (Depths:3)
  A sun demon (Depths:1)
  6 soul eaters
  5 salamander mystics
  10 deep elf knights
  8 skeletal warriors (D:14)
  A wretched star (Abyss:3)
  4 skysharks
  A skyshark (shapeshifter) (Vaults:3)
  3 iron trolls
  3 sixfirhies (Zot:3)
  A storm dragon skeleton (Depths:1)
  A flayed ghost (Depths:2)
  A sea snake (shapeshifter) (Depths:1)
  2 death drakes (Zot:2)
  29 deep trolls
  19 sea snakes
  A swamp dragon (shapeshifter) (Vaults:1)
  5 glowing orange brains
  3 naga ritualists
  9 wizards
  3 bog bodies (IceCv)
  2 obsidian statues
  10 deep elf archers
  13 harpies
  21 deep elf zephyrmancers
  6 phantasmal warriors
  16 lindwurms
  A tengu zombie (Depths:1)
  4 orc knights
  7 ironbound convokers
  26 deep elf pyromancers
  A mana viper (shapeshifter) (Vaults:3)
  4 necromancers
  A sphinx zombie (Vaults:3)
  12 cyclopes
  A tengu skeleton (Depths:1)
  An orc sorcerer (Depths:1)
  6 mana vipers
  An oklob plant (Lair:3)
  29 ugly things
  A shining eye (Abyss:3)
  15 manticores
  14 moths of wrath
  15 salamanders
  18 fauns
  11 elephants
  A frost giant zombie (Depths:1)
  11 water nymphs
  19 vault sentinels
  5 merfolk sirens
  41 black mambas
  A water nymph (shapeshifter) (Abyss:3)
  11 guardian serpents
  5 torpor snails (Lair:5)
  4 smoke demons
  9 naga magi
  2 apocalypse crabs (Zot:1)
  A gargoyle (D:10)
  An orange demon (Depths:1)
  8 cane toads
  21 freezing wraiths
  A rime drake (Lair:1)
  An efreet (D:15)
  A human zombie (Vaults:3)
  2 unseen horrors (D:11)
  2 hellions (Depths:1)
  15 yaktaurs
  A guardian mummy (Zot:2)
  10 komodo dragons
  2 ice devils (IceCv)
  An ancient zyme (Abyss:3)
  A red devil (Depths:1)
  A yaktaur skeleton (Vaults:3)
  A troll (shapeshifter) (Elf:1)
  4 tengu conjurers
  10 hornets
  5 trolls
  A polar bear (Lair:1)
  A wolf spider simulacrum (D:14)
  2 hellwings
  28 merfolk
  A queen bee (shapeshifter) (Elf:2)
  3 tyrant leeches (Lair:5)
  Grinder (D:4)
  3 dream sheep (Shoals:2)
  7 snapping turtles
  8 blink frogs
  4 wind drakes
  5 raiju
  An elf zombie (Vaults:3)
  A centaur simulacrum (D:15)
  2 flying skulls (Abyss:3)
  A vampire (D:13)
  3 air elementals
  2 shadows
  9 fire elementals
  4 dire elephant simulacra (IceCv)
  24 water elementals
  2 ynoxinuls
  A jumping spider (shapeshifter) (D:14)
  50 yaks
  A human (shapeshifter) (Elf:3)
  Eustachio (D:6)
  7 wyverns
  2 small abominations (Abyss:3)
  2 basilisks
  2 chaos spawn
  A neqoxec (Abyss:3)
  10 wraiths
  2 minotaur simulacra (IceCv)
  A steam dragon (D:9)
  8 vampire mosquitoes
  4 wargs
  4 harpy simulacra (IceCv)
  25 nagas
  2 hydra simulacra (IceCv)
  2 acid dragons
  7 large abominations (Abyss:3)
  A floating eye (shapeshifter) (Depths:3)
  2 floating eyes (Abyss:3)
  7 water moccasins
  A meliai simulacrum (D:14)
  16 orc warriors
  2 ice beasts (D:15)
  3 ettin simulacra (IceCv)
  3 sky beasts (D:7)
  4 black bears
  An alligator simulacrum (IceCv)
  6 centaurs
  A centaur (shapeshifter) (Depths:2)
  5 ogres
  3 boggarts
  25 wolves
  3 phantoms
  2 kobold brigands
  9 bullfrogs
  3 earth elementals
  2 deep troll simulacra (IceCv)
  2 gnoll sergeants
  A scorpion (D:4)
  10 wights
  12 killer bees (D:9)
  6 lindwurm simulacra (IceCv)
  2 electric eels
  6 howler monkeys
  2 gnoll boudas
  5 jellies
  9 orc priests
  4 hounds
  2 sleepcaps
  5 iguanas
  28 orc wizards
  5 lightning spires (Zot:3)
  6 adders
  14 gnolls
  A shadow imp (Abyss:3)
  4 white imps
  2 ufetubi (Abyss:3)
  4 worms
  2 dart slugs
  70 orcs
  4 ball pythons
  An endoplasm (D:1)
  2 giant cockroaches
  7 goblins
  6 hobgoblins
  13 kobolds
  4 quokkas
  5 bats
  5 frilled lizards
  6 rats
  A ball lightning (Zot:3)
  A butterfly (Lair:5)
  A lurking horror (Abyss:3)
1747 creatures vanquished.

Vanquished Creatures (others)
  A ghost moth (Zot:3)
  2 draconian shifters (Zot:3)
  A black draconian (Zot:3)
  A purple draconian (Zot:1)
  A shock serpent (Zot:3)
  A naga sharpshooter (Snake:4)
  A sixfirhy (Depths:1)
  2 harpies (Shoals:4)
  2 wizards (Vaults:3)
  A manticore (Shoals:4)
  An ancient zyme (Abyss:3)
  A water elemental (Elf:2)
  A small abomination (D:15)
  An orc warrior (Orc:2)
  A boggart (Vaults:3)
  A quokka (D:9)
  4 ball lightnings (Zot:3)
23 creatures vanquished.

Grand Total: 1770 creatures vanquished

Notes
Turn   | Place    | Note
-------+----------+-------------------------------------------
     0 | D:1      | Flugkiller the Felid Shapeshifter began the quest for the
                  | Orb.
     0 | D:1      | Reached XP level 1. HP: 9/9 MP: 2/2
    52 | D:1      | Reached skill level 1 in Stealth
    73 | D:1      | Got Beodasch's Folio of Called Beguiling
   207 | D:1      | Found Reulygu's Armour Boutique.
   454 | D:1      | Reached XP level 2. HP: 11/12 MP: 3/3
   479 | D:1      | Found Tecutt's Armour Emporium.
   793 | D:1      | Found Ukhleahiud's Antique Armour Emporium.
  1432 | D:2      | Reached XP level 3. HP: 16/16 MP: 4/4
  2277 | D:3      | Reached XP level 4. HP: 10/20 MP: 5/5
  2494 | D:3      | Found a runed translucent gate.
  2495 | D:3      | Found a runed translucent gate.
  2496 | D:3      | Found a runed translucent gate.
  2500 | D:3      | Noticed vcxz's ghost (weakling NaWn)
  2902 | D:4      | Noticed a phantom
  2913 | D:4      | Killed a phantom
  2914 | D:4      | Reached XP level 5. HP: 16/24 MP: 6/6
  3091 | D:4      | Noticed a +0 hand axe
  3091 | D:4      | Noticed a +0 dagger
  3092 | D:4      | Found a hide-covered altar of Uskayaw.
  3111 | D:4      | Reached skill level 5 in Dodging
  3111 | D:4      | Gained mutation: You are covered in thick fur. (AC +2)
                  | [Felid growth]
  3111 | D:4      | Reached XP level 6. HP: 23/28 MP: 7/7
  3178 | D:4      | Noticed Edmund
  3217 | D:4      | Noticed Grinder
  3258 | D:4      | Paralysed by Grinder for 2 turns
  3268 | D:4      | Paralysed by Grinder for 5 turns
  3303 | D:4      | Paralysed by Grinder for 5 turns
  3310 | D:4      | Killed Grinder
  3476 | D:4      | Reached XP level 7. HP: 33/33 MP: 8/8
  4108 | D:5      | Entered Level 5 of the Dungeon
  4322 | D:4      | Reached skill level 5 in Fighting
  4336 | D:4      | Reached skill level 5 in Unarmed Combat
  4419 | D:5      | Identified a scroll of acquirement
  4582 | D:5      | Found a shadowy altar of Dithmenos.
  4599 | D:5      | Found a snail-covered altar of Cheibriados.
  4600 | D:5      | Found a sacrificial altar of Ru.
  4600 | D:5      | Found a shimmering altar of Xom.
  4602 | D:5      | Found an ornate altar of the Wu Jian Council.
  4602 | D:5      | Found a radiant altar of Vehumet.
  4629 | D:5      | Reached skill level 5 in Shapeshifting
  4629 | D:5      | Reached XP level 8. HP: 29/37 MP: 9/9
  4635 | D:5      | Found a burning altar of Makhleb.
  4636 | D:5      | Found a basalt altar of Yredelemnul.
  5011 | D:6      | Noticed Eustachio
  5020 | D:6      | Killed Eustachio
  5839 | D:6      | Noticed Maggie
  5916 | D:6      | Found Qohasteg's Assorted Antiques.
  5924 | D:6      | Bought a twisted gilded ring for 95 gold pieces
  5924 | D:6      | Bought a fizzy white potion for 17 gold pieces
  5924 | D:6      | Bought a sapphire potion for 17 gold pieces
  5924 | D:6      | Bought a forked glass wand for 76 gold pieces
  5924 | D:6      | Bought a scroll labelled ZIAWOCR ZEMU for 19 gold pieces
  5924 | D:6      | Bought a scroll labelled ADITUSSUZUU for 19 gold pieces
  6121 | D:6      | Reached XP level 9. HP: 32/41 MP: 10/10
  6466 | D:7      | Found a runed translucent gate.
  6466 | D:7      | Found a runed translucent gate.
  6466 | D:7      | Found a runed translucent gate.
  6470 | D:7      | Noticed TobyConnect's ghost (novice DsSh)
  6728 | D:7      | Found a staircase to the Ecumenical Temple.
  6753 | D:7      | Found a broken altar of Ashenzari.
  6762 | D:7      | Found an iron altar of Okawaru.
  6898 | D:7      | Found an ancient bone altar of Kikubaaqudgha.
  7164 | D:7      | Reached skill level 5 in Evocations
  7411 | Temple   | Entered the Ecumenical Temple
  7453 | D:7      | Became a worshipper of Ashenzari the Shackled
  7454 | D:7      | Acquired a +6 ring of dexterity
  7603 | D:8      | Found a staircase to the Lair.
  7712 | D:8      | Found a hazy altar of Hepliaklqana.
  8243 | D:9      | Reached * piety under Ashenzari
  8243 | D:9      | Reached ** piety under Ashenzari
  8483 | D:9      | Reached XP level 10. HP: 46/48 MP: 11/11
  8514 | D:9      | Noticed Erolcha
  8530 | D:9      | Killed Erolcha
  8736 | D:9      | Reached skill level 10 in Fighting
  8798 | D:9      | Reached skill level 10 in Dodging
  8818 | D:9      | Found the +8 trident of the Octopus King {venom, rElec
                  | rPois}
  9182 | D:9      | Reached *** piety under Ashenzari
  9182 | D:9      | Reached **** piety under Ashenzari
  9196 | D:9      | Found a white marble altar of Elyvilon.
  9508 | D:10     | Entered Level 10 of the Dungeon
  9583 | D:10     | Found Tebenaw's Antique Armour Boutique.
  9584 | D:10     | Noticed a two-headed ogre
  9637 | D:10     | Killed a two-headed ogre
  9717 | D:10     | Noticed Sonja
  9766 | D:10     | Sonja changed into Sonja the human
  9766 | D:10     | Noticed Sonja
 10003 | D:10     | Noticed a two-headed ogre
 10100 | D:10     | Sonja the human changed into Sonja the blink frog
 10100 | D:10     | Noticed Sonja
 10111 | D:10     | Killed Sonja the blink frog
 10172 | D:10     | Reached XP level 11. HP: 60/60 MP: 12/12
 10262 | D:10     | Noticed a two-headed ogre
 10320 | D:10     | Killed a two-headed ogre
 10635 | D:10     | Found a staircase to the Orcish Mines.
 10863 | D:10     | Killed a two-headed ogre
 10977 | Lair:1   | Entered Level 1 of the Lair of Beasts
 11105 | Lair:1   | Reached ***** piety under Ashenzari
 11105 | Lair:1   | Reached ****** piety under Ashenzari
 12978 | Lair:2   | Noticed a death yak
 13026 | Lair:2   | Reached skill level 10 in Shapeshifting
 13035 | Lair:2   | Noticed a death yak
 13037 | Lair:2   | Noticed a death yak
 13058 | Lair:2   | Killed a death yak
 13095 | Lair:2   | Killed a death yak
 13096 | Lair:2   | Gained mutation: Your thick and shaggy fur keeps you warm.
                  | (AC +3, rC+) [Felid growth]
 13096 | Lair:2   | Reached XP level 12. HP: 48/66 MP: 8/13
 13290 | Lair:2   | Killed a death yak
 13471 | Lair:2   | Reached skill level 15 in Fighting
 13895 | Lair:3   | Found a staircase to the Snake Pit.
 13942 | Lair:3   | Reached skill level 10 in Unarmed Combat
 14191 | Lair:3   | Found a staircase to the Shoals.
 14604 | Lair:4   | Noticed a six-headed hydra
 14627 | Lair:4   | Killed a six-headed hydra
 14677 | Lair:4   | Identified the +10 trident of the Pits of Slime {spect,
                  | +Blink rPois Int+2}
 14962 | Lair:4   | Reached XP level 13. HP: 62/72 MP: 12/14
 14971 | Lair:4   | Reached skill level 5 in Stealth
 15561 | Lair:5   | Entered Level 5 of the Lair of Beasts
 15561 | Lair:5   | Found a runed translucent door.
 15735 | Lair:5   | Found a runed translucent door.
 16224 | Lair:5   | Identified the +1 ring mail of the Valley {rN++ Stlth+}
 16572 | Lair:5   | Noticed an acid blob
 16573 | Lair:5   | Noticed an acid blob
 16640 | Lair:5   | Noticed Rupert
 16647 | Lair:5   | Killed Rupert
 16823 | Lair:5   | Found a staircase to the Slime Pits.
 16823 | Lair:5   | Noticed an acid blob
 17155 | D:11     | Noticed Josephine
 17167 | D:10     | Killed Josephine
 17705 | D:11     | Found Ciufuumm's Distillery.
 17727 | D:11     | Bought 2 potions of invisibility for 240 gold pieces
 18446 | D:12     | Reached XP level 14. HP: 76/78 MP: 15/15
 18836 | D:13     | Noticed Helis's ghost (journeyman MfIE)
 18836 | D:13     | Found a runed translucent door.
 20037 | D:13     | Killed Helis's ghost
 20238 | D:14     | Reached skill level 10 in Evocations
 21120 | D:14     | Found a gate to the Vaults.
 21120 | D:14     | Noticed an ironbound preserver
 21131 | D:14     | Killed an ironbound preserver
 22336 | D:15     | Entered Level 15 of the Dungeon
 22340 | D:15     | Found a frozen archway.
 22353 | IceCv    | Entered an ice cave
 22719 | IceCv    | Reached skill level 1 in Spellcasting
 23138 | IceCv    | Found an ancient bone altar of Kikubaaqudgha.
 23694 | IceCv    | Reached skill level 5 in Spellcasting
 23701 | IceCv    | Noticed a lich
 23719 | IceCv    | Killed a lich
 23720 | IceCv    | Reached XP level 15. HP: 58/81 MP: 19/27
 23998 | D:15     | Identified the staff "Acweom" {rPois MP+9 Dex+3 Poison}
 24330 | D:15     | Found a runed translucent door.
 24331 | D:15     | Noticed qborf's ghost (journeyman SpHs)
 24497 | D:15     | Identified the +0 robe of Absence {Drain rN+++ Regen+
                  | Dex-4}
 24542 | D:15     | Found a staircase to the Depths.
 25157 | Orc:1    | Entered Level 1 of the Orcish Mines
 25169 | Orc:1    | Noticed Fannar
 25178 | D:10     | Killed Fannar
 25434 | Orc:1    | Noticed Nergalle
 25443 | Orc:1    | Killed Nergalle
 25485 | Orc:1    | Found Arhail's Book Shoppe.
 25672 | Orc:2    | Entered Level 2 of the Orcish Mines
 25727 | Orc:2    | Found Fopt's Antique Weapon Shop.
 25741 | Orc:2    | Found Oneonlote's Book Shoppe.
 25853 | Orc:2    | Found Sanett's General Store.
 26057 | Orc:2    | Reached skill level 15 in Dodging
 26137 | Orc:2    | Bought a book of Blood for 364 gold pieces
 26140 | Orc:2    | Learned a level 2 spell: Wereblood
 26144 | Orc:2    | Found Muegyom's Jewellery Emporium.
 26176 | Orc:2    | Reached skill level 1 in Transmutations
 26267 | Orc:2    | Found a staircase to the Elven Halls.
 26364 | Orc:2    | Found Tetu's Antique Armour Emporium.
 26634 | Shoals:1 | Entered Level 1 of the Shoals
 26649 | Shoals:1 | Noticed Mlioglotl
 26670 | Shoals:1 | Killed Mlioglotl
 26899 | Shoals:1 | Noticed Roxanne
 27233 | Shoals:1 | Killed Roxanne
 27545 | Shoals:1 | Found a runed translucent gate.
 27545 | Shoals:1 | Found a runed translucent gate.
 27545 | Shoals:1 | Found a runed translucent gate.
 27703 | Shoals:1 | Noticed Zeis's ghost (adept HOFi)
 27704 | Shoals:1 | Identified the +3 mace "Demon's Death Toll" {chaos, rN+
                  | rCorr Str+3}
 27704 | Shoals:1 | Identified the +0 pair of gloves "Zeridiaro" {-Cast Rampage
                  | Will+ Str+3}
 27979 | Shoals:2 | Identified the +3 whip "Zeotodgh" {drain, rN+ SInv}
 29357 | Shoals:3 | Noticed Louise
 29375 | Shoals:2 | Reached XP level 16. HP: 38/85 MP: 23/31
 29960 | Shoals:2 | Learned a level 2 spell: Lesser Beckoning
 30639 | Shoals:3 | Louise changed into Louise the quicksilver ooze
 30639 | Shoals:3 | Noticed Louise
 30646 | Shoals:3 | Killed Louise the quicksilver ooze
 31416 | Snake:1  | Entered Level 1 of the Snake Pit
 32420 | Snake:2  | Reached skill level 15 in Shapeshifting
 32425 | Snake:2  | Reached skill level 1 in Translocations
 32492 | Snake:2  | Reached skill level 5 in Translocations
 33079 | Snake:3  | Reached XP level 17. HP: 89/89 MP: 32/32
 33576 | Snake:3  | Found Captootu's Weapon Emporium.
 33764 | Snake:4  | Entered Level 4 of the Snake Pit
 33890 | Snake:4  | Found a hide-covered altar of Uskayaw.
 33935 | Snake:4  | Noticed Vashnia
 33950 | Snake:4  | Killed Vashnia
 34014 | Snake:4  | Noticed Aizul
 34033 | Snake:4  | Killed Aizul
 34189 | Snake:4  | Found Gucad's General Store.
 34281 | Snake:4  | Identified the scarf of the Hall of Blades {repulsion, rC+
                  | Regen+ Slay-4}
 34364 | Snake:4  | Noticed Nikola
 34376 | Snake:4  | Killed Nikola
 34573 | Snake:4  | Noticed a quicksilver dragon
 34573 | Snake:4  | Noticed a quicksilver dragon
 34581 | Snake:4  | Killed a quicksilver dragon
 34585 | Snake:4  | Killed a quicksilver dragon
 34588 | Snake:4  | Reached skill level 5 in Transmutations
 35107 | Snake:4  | Got a serpentine rune of Zot
 35444 | Shoals:4 | Entered Level 4 of the Shoals
 35753 | Shoals:4 | Reached XP level 18. HP: 61/94 MP: 15/33
 36034 | Shoals:4 | Got a barnacled rune of Zot
 36155 | Shoals:4 | Noticed Ilsuiw
 36198 | Shoals:4 | Killed Ilsuiw
 36776 | Vaults:1 | Entered Level 1 of the Vaults
 36841 | Vaults:1 | Identified the staff "Qeucuowk" {rElec Int+3 Dex+3 Air}
 37100 | Vaults:1 | Reached skill level 15 in Unarmed Combat
 37728 | Vaults:1 | Reached XP level 19. HP: 97/97 MP: 33/33
 38259 | Vaults:2 | Found Egeimed's Distillery.
 38264 | Vaults:2 | Bought a potion of heal wounds for 70 gold pieces
 38264 | Vaults:2 | Bought a potion of mutation for 112 gold pieces
 38266 | Vaults:2 | Found Waarots's Jewellery Boutique.
 38328 | Vaults:2 | Noticed Zenata
 38334 | Vaults:2 | Killed Zenata
 38780 | Vaults:2 | Noticed Norris
 38783 | Vaults:2 | Killed Norris
 39238 | Vaults:2 | Found Ublothr Bebikk's Magic Scroll Shoppe.
 39246 | Vaults:2 | Bought a scroll of blinking for 127 gold pieces
 39246 | Vaults:2 | Bought a scroll of acquirement for 884 gold pieces
 39246 | Vaults:2 | Acquired a manual of Translocations
 39491 | Vaults:3 | Found a staircase to the Crypt.
 39855 | Vaults:3 | Identified the ring "Hasmu" {rElec rF+ rN+ Will+}
 39974 | Vaults:3 | Noticed Mara
 39989 | Vaults:3 | Noticed Flugkiller's illusion
 39989 | Vaults:3 | Killed Mara
 40232 | Vaults:4 | Identified the +1 dagger of the Morning {heavy, rElec Will+
                  | Int+3}
 40361 | Vaults:4 | Identified the +1 trident "Hodeno" {heavy, Dex+4}
 40666 | Vaults:4 | Reached XP level 20. HP: 105/105 MP: 30/34
 41590 | Depths:1 | Entered Level 1 of the Depths
 41894 | Depths:1 | Noticed Saint Roka
 41908 | Depths:1 | Killed Saint Roka
 42701 | Depths:1 | Found a gateway to Hell.
 43299 | Depths:2 | Noticed a juggernaut
 43363 | Depths:1 | Killed a juggernaut
 43649 | Depths:2 | Identified the ring of Soah Asi {AC+4 Slay+2 SInv}
 43705 | Depths:2 | Found the +5 demon whip "Spellbinder" {antimagic, disrupt,
                  | Will+}
 43798 | Depths:2 | Identified the ring "Emiaf" {rF+ rCorr Int+4}
 44107 | Depths:2 | Noticed an ancient lich
 44118 | Depths:2 | Killed an ancient lich
 44366 | Depths:2 | Found a one-way gate leading to the halls of Pandemonium.
 44418 | Depths:2 | Found a blossoming altar of Fedhas.
 44914 | Depths:3 | Reached XP level 21. HP: 109/111 MP: 24/35
 44950 | Depths:3 | HP: 6/144 [spriggan rider/+0 spear (13)]
 45620 | Depths:3 | Found a one-way gate to the infinite horrors of the Abyss.
 45796 | Depths:4 | Entered Level 4 of the Depths
 45806 | Depths:4 | Found a one-way gateway to a ziggurat.
 45855 | Depths:4 | Noticed a caustic shrike
 45855 | Depths:4 | Noticed a caustic shrike
 45855 | Depths:4 | Noticed a caustic shrike
 45855 | Depths:4 | Noticed a caustic shrike
 45857 | Depths:4 | Noticed a caustic shrike
 45869 | Depths:4 | Killed a caustic shrike
 45877 | Depths:4 | Killed a caustic shrike
 45881 | Depths:4 | Killed a caustic shrike
 45885 | Depths:4 | Killed a caustic shrike
 45892 | Depths:4 | Killed a caustic shrike
 46280 | Depths:4 | Found a snail-covered altar of Cheibriados.
 46471 | Depths:4 | Found a huge runed gate.
 46471 | Depths:4 | Found a huge runed gate.
 46473 | Depths:4 | Found a huge runed gate.
 46474 | Depths:4 | Found a huge runed gate.
 46477 | Depths:4 | Found a huge runed gate.
 46478 | Depths:4 | Found a huge runed gate.
 46484 | Depths:4 | Found a huge runed gate.
 46485 | Depths:4 | Found a huge runed gate.
 46485 | Depths:4 | Found a huge runed gate.
 46776 | Depths:4 | Found a gate to the Realm of Zot.
 47011 | Depths:4 | Found a huge runed gate.
 47011 | Depths:4 | Found a huge runed gate.
 47011 | Depths:4 | Found a huge runed gate.
 47011 | Depths:4 | Found a huge runed gate.
 47012 | Depths:4 | Found a huge runed gate.
 47013 | Depths:4 | Found a huge runed gate.
 47014 | Depths:4 | Found a huge runed gate.
 47015 | Depths:4 | Found a huge runed gate.
 47016 | Depths:4 | Found a huge runed gate.
 47017 | Depths:4 | Found a huge runed gate.
 47025 | Depths:4 | Found a huge runed gate.
 47025 | Depths:4 | Found a huge runed gate.
 47025 | Depths:4 | Found a huge runed gate.
 47025 | Depths:4 | Found a huge runed gate.
 47025 | Depths:4 | Found a huge runed gate.
 47025 | Depths:4 | Found a huge runed gate.
 47026 | Depths:4 | Found a huge runed gate.
 47027 | Depths:4 | Found a huge runed gate.
 47028 | Depths:4 | Found a huge runed gate.
 47038 | Depths:4 | Found a huge runed gate.
 47038 | Depths:4 | Found a huge runed gate.
 47038 | Depths:4 | Found a huge runed gate.
 47038 | Depths:4 | Found a huge runed gate.
 47038 | Depths:4 | Found a huge runed gate.
 47038 | Depths:4 | Found a huge runed gate.
 47039 | Depths:4 | Found a huge runed gate.
 47040 | Depths:4 | Found a huge runed gate.
 48013 | Elf:1    | Entered Level 1 of the Elven Halls
 48440 | Elf:1    | Reached skill level 10 in Translocations
 48522 | Elf:1    | Identified the +0 leather armour "Wuomnev" {Harm rC+ Str+2
                  | Int+3}
 48681 | Elf:1    | Noticed Agnes
 48684 | Elf:1    | Killed Agnes
 49049 | Elf:2    | Found a runed translucent gate.
 49049 | Elf:2    | Found a runed translucent gate.
 49060 | Elf:2    | Found a runed translucent gate.
 49266 | Elf:3    | Entered Level 3 of the Elven Halls
 49303 | Elf:3    | Found Lioheon's Magic Scroll Emporium.
 49308 | Elf:3    | Bought a scroll of blinking for 90 gold pieces
 49379 | Elf:3    | Reached XP level 22. HP: 117/117 MP: 37/37
 49411 | Elf:3    | Found an ancient bone altar of Kikubaaqudgha.
 49448 | Elf:3    | Reached skill level 10 in Stealth
 49969 | Elf:3    | Identified the ring "Pakkamua" {MP+9 Str+6 Stlth+}
 50014 | Elf:3    | Identified the staff "Oshoec" {Str+4 Earth}
 50015 | Elf:3    | Identified the +9 arbalest "Impbane" {speed, rN+ Str-5
                  | Dex+8}
 50076 | Elf:3    | Identified the +0 scale mail of Fortification {rC+ Will+
                  | Dex+3}
 50076 | Elf:3    | Identified the staff "Cat's Death" {rElec rC+ Ice}
 50076 | Elf:3    | Identified the +4 mace of Victory {heavy, Fragile +Blink
                  | rCorr Stlth+}
 50077 | Elf:3    | Identified the amulet "Uwomif" {Acrobat rN+ Str+3 Dex-4}
 50077 | Elf:3    | Identified the amulet "Dudidiet" {Reflect Dex+3 SH+5}
 50091 | Elf:3    | Identified the +6 buckler "Gyoreone" {Regen+ rCorr}
 50527 | Depths:3 | Voluntarily entered the Abyss.
 50591 | Abyss:2  | Found a stormy altar of Qazlal.
 50600 | Depths:3 | Escaped the Abyss
 50654 | Depths:3 | Voluntarily entered the Abyss.
 50706 | Abyss:3  | Found a corrupted altar of Lugonu.
 50791 | Abyss:3  | Reached skill level 15 in Stealth
 51070 | Depths:3 | Escaped the Abyss
 51168 | Depths:3 | Voluntarily entered the Abyss.
 51452 | Depths:3 | Escaped the Abyss
 51554 | Depths:3 | Voluntarily entered the Abyss.
 51562 | Abyss:3  | Found a corrupted altar of Lugonu.
 51591 | Depths:3 | Escaped the Abyss
 51593 | Depths:3 | Voluntarily entered the Abyss.
 51624 | Abyss:3  | Found a corrupted altar of Lugonu.
 51794 | Depths:3 | Escaped the Abyss
 51796 | Depths:3 | Voluntarily entered the Abyss.
 51806 | Abyss:3  | Paralysed by a floating eye for 3 turns
 51818 | Abyss:3  | Got an abyssal rune of Zot
 51832 | Abyss:3  | Found a sparkling altar of Nemelex Xobeh.
 51833 | Abyss:3  | Found a corrupted altar of Lugonu.
 51840 | Depths:3 | Escaped the Abyss
 52116 | Zot:1    | Entered Level 1 of the Realm of Zot
 52839 | Zot:1    | Noticed Parghit
 52845 | Zot:1    | Killed Parghit
 53038 | Zot:1    | Noticed a curse toe
 53048 | Zot:1    | Killed a curse toe
 53328 | Zot:2    | Identified the +10 mace of the Thing {speed, Str+5}
 53355 | Zot:2    | Noticed an orb of fire
 53379 | Zot:2    | Gained mutation: You possess an exceptional clarity of
                  | mind. [an orb of fire]
 53385 | Zot:2    | Gained mutation: Your magical capacity is low. (-10% MP)
                  | [an orb of fire]
 53392 | Zot:2    | Killed an orb of fire
 53486 | Zot:2    | Reached XP level 23. HP: 123/123 MP: 31/34
 53597 | Zot:2    | Noticed an ancient lich
 53611 | Zot:2    | Killed an ancient lich
 53727 | Zot:2    | Identified the +9 scale mail "Ifruness" {Will+++ rCorr
                  | Int-4 Slay-3}
 54581 | Zot:3    | Noticed a Killer Klown
 54594 | Zot:3    | Killed a Killer Klown
 54669 | Zot:3    | Noticed a curse toe
 54675 | Zot:3    | Killed a curse toe
 55268 | Zot:4    | Acquired 619 gold pieces
 55270 | Zot:4    | Acquired a manual of Evocations
 56124 | Zot:5    | Entered Level 5 of the Realm of Zot
 56124 | Zot:5    | Identified the +3 halberd "Ahain" {flame, rElec rC+}
 56166 | Zot:5    | Reached skill level 15 in Evocations
 56616 | Zot:5    | Noticed an ancient lich
 56649 | Zot:5    | Noticed an ancient lich
 56658 | Zot:5    | Killed an ancient lich
 56667 | Zot:5    | Reached XP level 24. HP: 129/129 MP: 28/34
 56705 | Zot:5    | Noticed an orb of fire
 56710 | Zot:5    | Noticed an orb of fire
 56715 | Zot:5    | Gained mutation: Your spells are a little harder to cast,
                  | but a little more powerful. [an orb of fire]
 56716 | Zot:5    | Gained mutation: Potions are less effective at restoring
                  | your health. [an orb of fire]
 56723 | Zot:5    | Killed an orb of fire
 56727 | Zot:5    | Killed an orb of fire
 56965 | Zot:5    | Lost mutation: Your magical capacity is low. (-10% MP)
                  | [potion of mutation]
 56965 | Zot:5    | Lost mutation: Potions are less effective at restoring your
                  | health. [potion of mutation]
 56965 | Zot:5    | Gained mutation: You are dopey. (Int -2) [potion of
                  | mutation]
 56965 | Zot:5    | Gained mutation: You have hidden genetic potential. [potion
                  | of mutation]
 56965 | Zot:5    | Gained mutation: Your natural rate of healing is unusually
                  | fast. [potion of mutation]
 56990 | Zot:5    | Noticed an orb of fire
 57001 | Zot:5    | Killed an orb of fire
 57171 | Zot:5    | Noticed an orb of fire
 57179 | Zot:5    | Killed an orb of fire
 57194 | Zot:5    | Noticed a dread lich
 57200 | Zot:5    | Killed a dread lich
 57709 | Orc:1    | Bought a book of Party Tricks for 208 gold pieces
 57711 | Orc:1    | Learned a level 1 spell: Apportation
 58122 | Zot:5    | Noticed an ancient lich
 58130 | Zot:5    | Killed an ancient lich
 58277 | Zot:5    | Got the Orb of Zot
 58785 | D:3      | Noticed Dukloura the pandemonium lord
 58865 | D:1      | gg
 58866 | D:$      | Escaped with the Orb!

Illustrated notes

#....≈≈≈≈≈≈≈..#....# #.
#.##.≈.....≈..#....# #.
#########..........≈..+....# #.
........#..≈≈≈≈≈.1.≈..#....# #.
....###....≈..>≈...≈.##....# #.
#...# ####.≈.≈.....≈.(..##)# #.
.#..# #.≈.≈≈≈≈≈.≈....##.# ###.
###.## #.≈.....≈.≈....##.# #2..
.#...# ##.≈...≈8..≈.......# #...
#....# #..≈...≈≈≈≈≈.....### #...
.....####..≈.............# #...
...........≈.....≈..###.## #...
#########..≈≈≈≈≈≈≈......######.{.
#........................
#.#########..############ #...#
#....# #.... ###.#####....# #####


Turn 58865 on D:1: gg

Levels and vault maps discovered:
D:1:      ebering_trefoil_twist, layout_basic, serial_shops,
          nicolae_shop_advertising_works [nicolae_subvault_shop_adworks],
          nicolae_shop_scrapyard, shop_coins, grunt_decor_mini_mirrors,
          kennysheep_small_spiral, hangedman_decor_push, serial_bayou_ford_a
D:2:      layout_basic
D:3:      layout_basic, ebering_ghost_rock_garden, st_stairs_8
D:4:      layout_loops_ring, dancing_weapons_uskayaw, serial_glass,
          glass_columns_b, glass_columns_b, glass_columns_b, glass_columns_b,
          glass_columns_a, glass_columns_b, glass_columns_c, glass_columns_c,
          glass_columns_a, glass_columns_b, uniq_grinder, uniq_edmund
D:5:      layout_gridville, general_overflow_altar, grunt_temple_overflow_open
D:6:      layout_loops_ring, serial_shops,
          nicolae_shop_competitors_out_of_business, uniq_eustachio, uniq_maggie
D:7:      layout_loops_ring, okawaru_metal_pillars_1_2,
          mainiacjoe_overflow_catwalk_spiral, minmay_temple_entry_arrows,
          ebering_ghost_rock_garden, grunt_ministairs_13
D:8:      layout_rooms, mainiacjoe_overflow_small_starburst, lair_entry_dummy
D:9:      layout_loops_corners, elyvilon_altar_4, minivault_1, uniq_erolcha
D:10:     minmay_flawed_box, layout_loops_cross, david_orc_1_choice,
          serial_shops, shop, roderic_nine_men_s_morris, uniq_sonja
D:11:     layout_roguey, serial_shops, nicolae_diamond_shop, uniq_josephine
D:12:     layout_basic
D:13:     layout_stronghold, hellmonk_ghost_happy_afterlife,
          minmay_rotating_lava
D:14:     layout_loops_cross, skrybe_vaults_entry_preservation,
          bh_walls_and_bars
D:15:     hellmonk_depths_entry_around_the_bend, layout_basic,
          gammafunk_ghost_grave, minmay_splitting_lines, serial_ice,
          serial_ice_i, serial_ice_h, serial_ice_d, serial_ice_a,
          portal_ice_cave_entry_pillars_2
Temple:   hellmonk_temple_two_chambers
Lair:1:   layout_hall_layers, dreamdust_gnoll_shepherd, serial_bayou_shore_b
Lair:2:   layout_roguey, grunt_megastairs_5, lemuel_fruit_tree,
          infiniplex_staircase_pool_2
Lair:3:   layout_cave_shapes, elwin_shoals_entry_rocks, dummy_snake_entry,
          infiniplex_staircase_pool
Lair:4:   layout_hall_layers, grunt_megastairs_2
Lair:5:   wormcave, layout_regular_city, slime_entry_2, lemuel_fruit_fields,
          uniq_rupert
Shoals:1: layout_shoals, gammafunk_ghost_tricky_traps, uniq_mlioglotl,
          uniq_roxanne
Shoals:2: layout_shoals, nicolae_shoals_lost_giant_hut
Shoals:3: layout_shoals, uniq_louise
Shoals:4: shoals_end_simple, layout_shoals, shoal_ilsuiw
Snake:1:  layout_misc_corridors
Snake:2:  layout_cave_town, hangedman_venom_bottle
Snake:3:  layout_grid_maze, serial_shops, nicolae_shop_tiny_glass,
          serial_bayou_shore_b, serial_bayou_shore_a
Snake:4:  hellmonk_snake_rune_quicksilver_temple, layout_layer_cave,
          basic_altar, serial_shops, shop, grunt_megastairs_4, uniq_aizul,
          uniq_vashnia, uniq_nikola
Orc:1:    layout_caves, basic_altar, serial_shops, shop, uniq_nergalle,
          uniq_fannar
Orc:2:    grunt_orc_gardens, layout_diamond_mine, grunt_orc_garden,
          grunt_orc_garden, grunt_orc_garden, grunt_orc_garden, serial_shops,
          shop
Elf:1:    eino_elf_arrival_sip, layout_gridlike, hangedman_corner_corridor,
          uniq_agnes
Elf:2:    elven_hall_of_blades_hangedman_original
          [nicolae_blade_entry_pointy_end], layout_geoelf_grid
Elf:3:    minmay_elf_hall, layout_loops_cross, basic_altar, serial_shops, shop
Vaults:1: v_alt_pattern_6, nicolae_vaults_storage_closets_1, v_pattern_2,
          v_misc_26, vaults_room_fancy_cross,
          nicolae_vaults_good_morning_starshine, vaults_mumra_lcd,
          hangedman_vaults_river_flow, nicolae_vaults_turnstiles,
          layout_vaults_omnibox
Vaults:2: st_spiral_rooms, v_misc_13, v_pattern_4, hangedman_vaults_snaps,
          nicolae_vaults_ninety_degrees, nicolae_vaults_tetromino_L_2,
          layout_vaults_omnigrid, serial_shops, nicolae_shop_rolling_square,
          nicolae_shop_crystal, shop, uniq_zenata, uniq_norris
Vaults:3: minmay_crypt_entry_simple_statues, vaults_room_semicircle,
          grunt_vaults_diagonal, nicolae_vaults_trapezoid_1,
          nicolae_vaults_loss_of_containment, vaults_mumra_minichess_inversion,
          nicolae_vaults_house_1, ontoclasm_vaults_shuriken, v_misc_15,
          vaults_room_grid, nicolae_vaults_house_3,
          nicolae_vaults_lightning_bolt, ontoclasm_vaults_ligature,
          layout_vaults_maze_snakey, uniq_mara
Vaults:4: vaults_mumra_hexcomb, st_squares, nicolae_vaults_little_squares_6,
          v_misc_1, nicolae_vaults_spaceships, nicolae_vaults_storage_closets_3,
          nicolae_vaults_trapezoid_3, vaults_room_grunt_arrival_ludios,
          nicolae_vaults_sightless_eye, nicolae_vaults_diamond_2,
          layout_vaults_omnicross
Depths:1: layout_cave_shapes, chequers_serial_rivers_room_b,
          grunt_hell_entry_demonic_statue, serial_rivers,
          chequers_serial_rivers_small_3, chequers_serial_rivers_small_a,
          chequers_serial_rivers_micro_d, chequers_serial_rivers_micro_d,
          chequers_serial_rivers_small_b, chequers_serial_rivers_small_3,
          chequers_serial_rivers_micro_b, minmay_misc_feat_columns,
          glass_columns_c, serial_bayou_lake_a, uniq_saint_roka
Depths:2: minmay_the_grid_4x2 [minmay_the_grid_x, minmay_the_grid_spikes,
          minmay_the_grid_broken_lines, minmay_the_grid_odd_star,
          minmay_the_grid_garden, minmay_the_grid_tri_star,
          minmay_the_grid_diamond_grid, minmay_the_grid_prize_big_room],
          layout_honeycomb, fedhas_altar_2, pan_entry, hell_entry,
          uniq_josephina
Depths:3: minmay_diamond_stairs, layout_gridlike, hell_entry,
          abyss_entry_small_statue_room, minmay_staircase_statues
Depths:4: grunt_zot_entry_gee_three, layout_basic, enter_ziggurat_c,
          gammafunk_ghost_door_vault, rand_demon_pan_entry_1,
          cheibriados_altar_1, grunt_hell_entry_dis_mu, serial_bayou_pond_c
Zot:1:    gammafunk_mikee_crab_dinner, layout_misc_corridors, uniq_parghit
Zot:2:    hangedman_snap_crack_crunch, layout_onion_interference
Zot:3:    infiniplex_zot_generator, layout_onion_interference
Zot:4:    layout_gridville
Zot:5:    layout_cellular_growth, grunt_ministairs_6

Skill      XL: |  1  2  3  4  5  6  7  8  9 10 11 12 13 14 15 16 17 18 19 20 21 22 23 24 |
---------------+-------------------------------------------------------------------------+-----
Stealth        | 2 4 7 9 16 | 16.5
Fighting       | 2 3 4 5 6 8 12 13 15 16 18 19 20 21 22 | 22.1
Dodging        | 3 4 5 6 7 8 11 13 16 17 19 | 19.7
Unarmed Combat | 4 5 7 8 11 12 14 15 16 18 19 20 21 22 | 22.1
Shapeshifting  | 5 10 11 15 17 18 19 20 21 | 21.4
Evocations     | 6 7 8 12 17 18 | 18.0
Spellcasting   | 5 7 |  7.4
Transmutations | 3 7 |  7.4
Translocations | 7 12 | 12.0

Action                     |  1- 3 |  4- 6 |  7- 9 | 10-12 | 13-15 | 16-18 | 19-21 | 22-24 || total
---------------------------+-------+-------+-------+-------+-------+-------+-------+-------++-------
  Melee: Unarmed           |    86 |    85 |   302 |   548 |  1125 |  1244 |  1444 |  1149 ||  5983
         Bite              |     7 |     7 |    33 |    86 |   190 |   201 |   229 |   194 ||   947
         Punch             |     1 |     5 |    19 |    55 |   152 |   158 |   220 |   227 ||   837
         Constrict         |       |       |       |       |    12 |       |       |       ||    12
   Cast: Lesser Beckoning  |       |       |       |       |       |    34 |    57 |    56 ||   147
         Wereblood         |       |       |       |       |       |    47 |    47 |    22 ||   116
         Apportation       |       |       |       |       |       |       |       |     1 ||     1
 Invoke: Curse Item        |       |       |     1 |     2 |       |       |     2 |       ||     5
         Shatter the Chain |       |       |       |       |       |     1 |     1 |       ||     2
  Evoke: Wand              |       |       |     5 |    24 |    25 |     7 |     2 |    11 ||    74
         Phial of floods   |       |       |       |       |     1 |       |       |       ||     1
         Phantom mirror    |       |       |       |       |       |     1 |     1 |       ||     2
    Use: Scroll            |     4 |       |    13 |       |     1 |     3 |     4 |    16 ||    41
         Potion            |     1 |     1 |     3 |       |     4 |     4 |     1 |    13 ||    27
   Stab: Sleeping          |     7 |     1 |     7 |    10 |    34 |    16 |    23 |     9 ||   107
         Distracted        |       |       |     2 |     1 |    10 |     4 |     2 |    10 ||    29
         Paralysed         |       |       |       |     2 |     1 |       |       |     4 ||     7
 Armour: Skin              |     5 |    11 |     8 |    11 |    26 |   272 |   416 |   394 ||  1143
  Dodge: Dodged            |    56 |    49 |   245 |   651 |  1085 |  2846 |  2291 |  2145 ||  9368
   Form: Beast             |       |       |       |       |     1 |     1 |       |       ||     2
         Anaconda          |       |       |       |       |     1 |       |       |       ||     1
         Statue            |       |       |       |       |       |     2 |     1 |     2 ||     5
         Death             |       |       |       |       |       |       |     1 |     1 ||     2
                           |       |       |       |       |       |       |       |     1 ||     1

Table legend: (Time is in decaauts)
 A = Elapsed time spent in this place.
 B = Non-inter-level travel time spent in this place.
 C = Inter-level travel time spent in this place.
 D = Time resting spent in this place.
 E = Time spent auto-exploring this place.
 F = Levels seen in this place.
 G = Mean time per level.
                   A        B        C        D        E       F      G
               +--------+--------+--------+--------+--------+-----+--------+
         Total |  65777 |  59800 |   5977 |  14579 |  28216 |  56 | 1174.6 |
       Dungeon |  16844 |  14728 |   2116 |   3999 |   6746 |  15 | 1122.9 |
        Temple |      1 |      1 |      0 |      0 |      0 |   1 |    1.0 |
          Lair |   5551 |   4971 |    580 |   1078 |   2621 |   5 | 1110.2 |
        Shoals |   6232 |   5597 |    635 |   2121 |   1611 |   4 | 1558.0 |
     Snake Pit |   5573 |   5271 |    302 |    430 |   3530 |   4 | 1393.2 |
  Orcish Mines |   1078 |    878 |    200 |    170 |    433 |   2 |  539.0 |
   Elven Halls |   3284 |   3119 |    165 |    216 |   2041 |   3 | 1094.7 |
        Vaults |   6743 |   6398 |    345 |    834 |   4036 |   4 | 1685.8 |
        Depths |  10520 |   9562 |    958 |   2930 |   4773 |   4 | 2630.0 |
           Zot |   7670 |   6998 |    672 |   1944 |   2350 |   5 | 1534.0 |
         Abyss |    881 |    881 |      0 |    181 |      0 |   8 |  110.1 |
      Ice Cave |   1395 |   1395 |      0 |    674 |     71 |   1 | 1395.0 |
               +--------+--------+--------+--------+--------+-----+--------+

Top non-repeatable levels by time:
Depths:4: 3469 daAuts
Depths:1: 2694 daAuts
Depths:2: 2506 daAuts
Shoals:2: 2211 daAuts
   Zot:5: 2116 daAuts
    D:13: 2019 daAuts
 Snake:4: 1934 daAuts
Vaults:1: 1906 daAuts
   Zot:2: 1852 daAuts
Depths:3: 1850 daAuts
Vaults:2: 1800 daAuts
  Lair:1: 1762 daAuts
Vaults:4: 1714 daAuts
    D:14: 1562 daAuts
     D:9: 1524 daAuts
